 Dungeon Crawl Stone Soup version 0.24.1 (webtiles) character file.

Game seed: 8620896020451018461, levelgen mode: deterministic

2076 lepoulpe303 the Merchant of Misery (level 9, -7/58 HPs)
             Began as a Demonspawn Necromancer on Mar 25, 2020.
             Was a Believer of Kikubaaqudgha.
             Mangled by a two-headed ogre
             ... wielding a +0 giant club
              (17 damage)
             ... on level 8 of the Dungeon on Mar 26, 2020.
             The game lasted 00:51:00 (10212 turns).

lepoulpe303 the Merchant of Misery (DsNe)          Turns: 10212, Time: 00:51:00

Health: -7/58      AC:  4    Str:  9    XL:     9   Next: 6%
Magic:  1/18       EV: 20    Int: 20    God:    Kikubaaqudgha [**....]
Gold:   679        SH: 10    Dex: 20    Spells: 2/20 levels left

rFire    . . .     SeeInvis +   a - +0 dagger (speed)
rCold    . . .     Gourm    .   y - +0 buckler
rNeg     . . .     Faith    .   f - +0 robe
rPois    +         Spirit   .   n - +1 helmet {SInv} {sInv}
rElec    .         Reflect  +   (no cloak)
rCorr    .         Harm     .   (no gloves)
MR       .....                  (no boots)
Stlth    +++++.....             c - +4 amulet of reflection
HPRegen  0.19/turn              j - ring of stealth {Stlth+}
MPRegen  0.16/turn              P - ring of poison resistance

@: agile
A: hooves 2, thin skeletal structure 1, powered by pain 2
a: Receive Corpses, Renounce Religion


You were on level 8 of the Dungeon.
You worshipped Kikubaaqudgha.
Kikubaaqudgha was pleased with you.
You were hungry.

You visited 1 branch of the dungeon, and saw 8 of its levels.
You also visited: Ossuary.

You collected 769 gold pieces.
You spent 90 gold pieces at shops.

Inventory:

Hand Weapons
 a - a +0 dagger of speed (weapon)
 b - a +1 dagger of venom
 m - a +0 falchion
Missiles
 o - 16 poisoned darts (quivered)
 B - 6 silver javelins
Armour
 f - a +0 robe (worn)
 n - a +1 helmet of see invisible (worn) {sInv}
 y - a +0 buckler (worn)
Jewellery
 c - a +4 amulet of reflection (around neck)
 j - a ring of stealth (left hand) {Stlth+}
 P - a ring of poison resistance (right hand)
Wands
 h - a wand of iceblast (8)
 v - a wand of clouds (7)
Scrolls
 d - a scroll of magic mapping {unknown}
 i - 4 scrolls of identify
 k - a scroll of blinking {unknown}
 t - 5 scrolls of teleportation
 w - 2 scrolls of amnesia {unknown}
 x - a scroll of enchant weapon {unknown}
 z - a scroll of noise {unknown}
 A - 2 scrolls of remove curse {unknown}
 C - 3 scrolls of enchant armour {unknown}
 G - a scroll of immolation {unknown}
 I - a scroll of fear {unknown}
Potions
 g - 2 potions of heal wounds {unknown}
 l - 3 potions of flight
 p - 5 potions of curing
 q - a potion of haste {unknown}
 r - 2 potions of cancellation {unknown}
 s - 4 potions of agility {unknown}
 u - a potion of degeneration {unknown}
 D - 2 potions of lignification {unknown}
 E - 2 potions of resistance {unknown}
 F - 2 potions of mutation {unknown}
 H - a potion of magic {unknown}
Comestibles
 e - 13 rations


   Skills:
 + Level 0.4 Fighting
 + Level 0.4 Short Blades
 + Level 4.3 Dodging
 - Level 4.4 Stealth
 * Level 3.7 Shields
 * Level 6.0 Spellcasting
 * Level 8.2 Necromancy
 - Level 1.6 Translocations


You had 2 spell levels left.
You knew the following spells:

 Your Spells              Type           Power        Failure   Level  Hunger
a - Pain                  Necr           ####         1%          1    None
b - Animate Dead          Necr           N/A          3%          4    ####...
c - Corpse Rot            Necr           N/A          1%          2    None
d - Blink                 Tloc           N/A          8%          2    None
m - Sublimation of Blood  Necr           #####.....   1%          2    None
r - Regeneration          Chrm/Necr      ###.......   6%          3    ##.....
x - Vampiric Draining     Necr           #####.....   1%          3    ##.....
A - Animate Skeleton      Necr           N/A          1%          1    None

Your spell library contained the following spells:

 Spells                   Type           Power        Failure   Level  Hunger
 Beastly Appendage        Tmut           #.....       11%         1    None
 Magic Dart               Conj           #...         11%         1    None
 Call Imp                 Summ           #.......     16%         2    None
 Slow                     Hex            #.......     16%         2    None
 Sticks to Snakes         Tmut           #.......     16%         2    None
 Conjure Flame            Conj/Fire      #.......     30%         3    ##.....
 Mephitic Cloud           Conj/Pois/Air  #.......     30%         3    ##.....
 Spider Form              Tmut/Pois      #.........   30%         3    ##.....
 Ice Form                 Ice/Tmut       #.......     71%         4    ####...
 Blade Hands              Tmut           #.........   96%         5    #####..


Dungeon Overview and Level Annotations

Branches:
Dungeon (8/15)             Temple (0/1) D:5         Ossuary (visited)
   Lair: D:8-11

Altars:
Ashenzari
Elyvilon
Fedhas
Gozag
Kikubaaqudgha
Okawaru
Ru
Trog
Yredelemnul
Zin

Shops:
D:4 (   D:8 [

Annotations:
D:3 1 transporter


Innate Abilities, Weirdness & Mutations

You have hoof-like feet.
You have a somewhat thin skeletal structure. (Dex +2, Stealth)
You sometimes gain power by taking damage.


Message History

* * * LOW MAGIC WARNING * * *
You take 1 damage, and have 32/58 hp.
You now have 1/18 mp.
Aim: a two-headed ogre, wielding a +0 giant club and a -2 giant club (severely wounded, chance to defeat MR: 71%)
The two-headed ogre writhes in agony.
* * * LOW MAGIC WARNING * * *
The two-headed ogre hits you with a +0 giant club!!
* * * LOW HITPOINT WARNING * * *
You focus on the pain.
You feel agile all of a sudden.
The two-headed ogre completely misses you.
You take 23 damage, and have 9/58 hp.
MASSIVE DAMAGE!!
You now have 0/18 mp.
There is a stone staircase leading down here.
You don't have enough magic to cast that spell.
Okay, then.
You swing at nothing.
The two-headed ogre hits you with a +0 giant club!
You die...
Kikubaaqudgha rasps: "You have failed me!
Welcome... death!"

# #. #. #.# #######
#..##.....## ..
#.#.......##
...#####.@........#
(?#...#.O>.....∩.#
.....##Z........#
#....#.........#
#....#(........# ##.#
#....#.........#
....##########.#...((....#
......................)..#
###...(###...............#


You could see a two-headed ogre and a friendly centaur zombie.

Levels and vault maps discovered:
D:1:      dpeg_arrival_oval, layout_rooms, bh_walls_and_bars
D:2:      minmay_diamond_boxcup, layout_loops_ring, old_standard_altar,
          lemuel_coloured_pillars_altar
D:3:      layout_basic, gammafunk_temple_overflow_arena, first_ration,
          hangedman_glass_teeth, minmay_cupped, uniq_robin
D:4:      layout_basic, old_standard_altar, overflow_temple_1_default,
          serial_shops, shop, nicolae_shop_trees
D:5:      layout_layer_cave, zin_purify, minmay_temple_entry_offerings,
          fedhas_ov_isle_minmay, uniq_eustachio
D:6:      layout_loops_corners, elyvilon_altar_4,
          chequers_temple_overflow_statue_of_worship, enter_ossuary_2,
          gup_sewer_entry_glass
D:7:      layout_basic
D:8:      layout_rooms, lemuel_crystal_altar, david_lair_shrubbed, serial_shops,
          shop, blue_anna_alchemist [blue_anna_fruit_fields,
          blue_anna_fruit_fields]

Notes
Turn   | Place    | Note
-------+----------+-------------------------------------------
     0 | D:1      | lepoulpe303 the Demonspawn Necromancer began the quest for
                  | the Orb.
     0 | D:1      | Reached XP level 1. HP: 13/13 MP: 3/3
   161 | D:1      | Gained mutation: You sometimes gain a little power by
                  | taking damage. [demonic ancestry]
   161 | D:1      | Reached XP level 2. HP: 15/19 MP: 0/5
   164 | D:1      | Learned a level 1 spell: Animate Skeleton
   264 | D:1      | Identified a +0 dagger
   281 | D:1      | Identified an uncursed amulet of rage
   311 | D:1      | Reached skill level 2 in Stealth
   560 | D:1      | Reached skill level 2 in Dodging
   662 | D:1      | Identified a +0 dagger
  1223 | D:1      | Identified a +0 dagger of speed
  1260 | D:1      | Reached XP level 3. HP: 9/24 MP: 3/6
  1597 | D:2      | Learned a level 3 spell: Vampiric Draining
  1607 | D:2      | Found a basalt altar of Yredelemnul.
  1877 | D:2      | Identified a +0 club
  2048 | D:2      | Identified a +0 club
  2110 | D:2      | Reached skill level 5 in Necromancy
  2168 | D:2      | HP: 6/24 [poisoned by an adder]
  2176 | D:2      | HP: 5/24 [poisoned by an adder]
  2208 | D:2      | HP: 3/24 [adder (2)]
  2209 | D:2      | Gained mutation: You have large cloven feet. [demonic
                  | ancestry]
  2209 | D:2      | Reached XP level 4. HP: 4/30 MP: 2/8
  2210 | D:2      | Identified a potion of flight
  2211 | D:2      | Identified 2 scrolls of teleportation
  2216 | D:2      | HP: 3/30 [poisoned by an adder]
  2224 | D:2      | HP: 2/30 [poisoned by an adder]
  2620 | D:2      | Identified a +0 dagger
  2626 | D:2      | Identified a +0 club
  2626 | D:2      | Identified a +0 hunting sling
  2627 | D:2      | Identified a +0 dagger
  2676 | D:2      | Learned a level 3 spell: Regeneration
  2749 | D:2      | Found an opulent altar of Gozag.
  2766 | D:2      | Identified 2 scrolls of identify
  2766 | D:2      | Identified an amulet of reflection (You found it on level 1
                  | of the Dungeon)
  2768 | D:2      | Identified a ring of stealth (You found it on level 2 of
                  | the Dungeon)
  2819 | D:3      | Reached skill level 3 in Spellcasting
  2831 | D:3      | Identified a +0 club
  3016 | D:3      | Identified a +0 short sword
  3155 | D:3      | Found a transporter.
  3155 | D:3      | Noticed a bullfrog
  3156 | D:3      | Noticed a necrophage
  3160 | D:3      | Found a transporter.
  3165 | D:3      | Noticed a yak
  3167 | D:3      | Identified a +0 club
  3168 | D:3      | Identified a +0 club
  3168 | D:3      | Identified a +0 dagger
  3169 | D:3      | Found an ancient bone altar of Kikubaaqudgha.
  3169 | D:3      | Identified a cursed -3 club
  3169 | D:3      | Identified a +0 club
  3188 | D:3      | Identified a +0 club
  3189 | D:3      | Identified a +0 spear
  3189 | D:3      | Identified a +0 animal skin
  3189 | D:3      | Identified a +1 helmet of see invisible
  3189 | D:3      | Noticed Robin
  3189 | D:3      | Identified a +0 club
  3215 | D:3      | Identified a +0 whip
  3327 | D:3      | Gained mutation: You have a somewhat thin skeletal
                  | structure. (Dex +2, Stealth) [demonic ancestry]
  3327 | D:3      | Reached XP level 5. HP: 35/35 MP: 9/9
  3350 | D:3      | Identified a +0 dagger
  3462 | D:3      | Killed Robin
  3465 | D:3      | Identified a +0 dagger
  3590 | D:3      | Identified a +0 club
  3597 | D:3      | Identified a +0 short sword
  3829 | D:3      | Identified a +0 club
  3829 | D:3      | Identified a +0 ring mail
  3988 | D:3      | Identified a +0 giant club
  3988 | D:3      | Noticed an ogre
  3999 | D:3      | Killed an ogre
  3999 | D:3      | Reached skill level 3 in Stealth
  4197 | D:3      | Became a worshipper of Kikubaaqudgha
  4373 | D:4      | Found Qenib's General Store.
  4395 | D:4      | Reached skill level 6 in Necromancy
  4395 | D:4      | Reached XP level 6. HP: 38/41 MP: 6/11
  4401 | D:4      | Learned a level 4 spell: Animate Dead
  4438 | D:4      | Found Sijegir's Antique Weapon Boutique.
  4593 | D:4      | Identified a +0 spear
  4613 | D:4      | Reached skill level 3 in Dodging
  4613 | D:4      | Reached skill level 4 in Spellcasting
  4619 | D:4      | Identified a +0 flail
  4620 | D:4      | Identified a +0 whip
  4620 | D:4      | Identified a +0 robe
  4623 | D:4      | Identified a +0 flail
  4874 | D:4      | You fall into a shaft and drop 2 floors!
  4881 | D:6      | Gained mutation: You have hoof-like feet. [demonic
                  | ancestry]
  4881 | D:6      | Reached XP level 7. HP: 26/46 MP: 4/13
  5041 | D:6      | Found a sand-covered staircase.
  5048 | Ossuary  | Entered an ossuary
  5159 | Ossuary  | Reached skill level 1 in Shields
  5256 | Ossuary  | Reached * piety under Kikubaaqudgha
  5256 | Ossuary  | Identified Kikubaaqudgha's Tome of Unholy Rituals
                  | (Kikubaaqudgha gifted it to you in an ossuary)
  5256 | Ossuary  | Received a gift from Kikubaaqudgha
  5267 | Ossuary  | Learned a level 2 spell: Corpse Rot
  5373 | Ossuary  | HP: 11/46 [mummy (17)]
  5625 | Ossuary  | Identified a +0 buckler (You found it on level 6 of the
                  | Dungeon)
  5819 | D:6      | Found a blossoming altar of Fedhas.
  5853 | D:5      | Entered Level 5 of the Dungeon
  6102 | D:4      | Reached skill level 7 in Necromancy
  6107 | D:4      | Found a sacrificial altar of Ru.
  6203 | D:4      | Found a shattered altar of Ashenzari.
  6667 | D:5      | Identified a +0 flail
  6678 | D:5      | Reached skill level 2 in Shields
  6843 | D:5      | Found a staircase to the Ecumenical Temple.
  6882 | D:5      | Found a blossoming altar of Fedhas.
  6932 | D:5      | Reached skill level 5 in Spellcasting
  6932 | D:5      | Reached XP level 8. HP: 42/52 MP: 8/15
  6936 | D:5      | Learned a level 2 spell: Blink
  7306 | D:5      | Found Zin's Purification Station.
  7309 | D:5      | Found a glowing silver altar of Zin.
  7319 | D:5      | Bought a potion of curing for 90 gold pieces
  7347 | D:5      | Identified a +0 rapier
  7347 | D:5      | Identified a +0 leather armour
  7347 | D:5      | Noticed Eustachio
  7835 | D:5      | Killed Eustachio
  7936 | D:6      | Reached skill level 4 in Stealth
  7974 | D:6      | Identified a +0 shortbow
  8160 | D:6      | Reached skill level 1 in Translocations
  8194 | D:6      | Reached ** piety under Kikubaaqudgha
  8247 | D:6      | Found an iron altar of Okawaru.
  8247 | D:6      | Found a bloodstained altar of Trog.
  8272 | D:6      | Identified a ring of poison resistance (You found it on
                  | level 6 of the Dungeon)
  8274 | D:6      | Identified a +1 dagger of venom (You found it on level 4 of
                  | the Dungeon)
  8442 | D:6      | Reached skill level 3 in Shields
  8466 | D:6      | Reached skill level 4 in Dodging
  8569 | D:6      | Found a white marble altar of Elyvilon.
  8867 | D:7      | Identified a +0 whip
  8867 | D:7      | Identified a +0 leather armour
  8868 | D:7      | Identified a +0 giant club
  8870 | D:7      | Identified a +0 falchion
  8882 | D:7      | Identified a +0 dagger
  8882 | D:7      | Identified a +0 robe
  8893 | D:6      | HP: 13/52 [ogre/+0 giant club (21)]
  8924 | D:6      | Reached skill level 8 in Necromancy
  9412 | D:7      | HP: 12/52 [wyvern skeleton (10)]
  9421 | D:7      | HP: 7/52 [wyvern skeleton (7)]
 10087 | D:8      | Gained mutation: You sometimes gain power by taking damage.
                  | [demonic ancestry]
 10087 | D:8      | Reached XP level 9. HP: 52/57 MP: 6/17
 10091 | D:8      | Learned a level 2 spell: Sublimation of Blood
 10177 | D:8      | Identified a +0 giant club
 10177 | D:8      | Identified a cursed -2 giant club
 10177 | D:8      | Noticed a two-headed ogre
 10186 | D:8      | Identified a +0 shortbow
 10187 | D:8      | Found Putriclyho's Armour Boutique.
 10198 | D:8      | Reached skill level 6 in Spellcasting
 10207 | D:8      | HP: 9/58 [two-headed ogre/+0 giant club (22)]
 10212 | D:8      | Mangled by a two-headed ogre

Table legend:
 A = Turns spent in this place as a percentage of turns spent in the entire game.
 B = Non-inter-level travel turns spent in this place as a percentage of non-inter-level travel turns spent in the entire game.
 C = Inter-level travel turns spent in this place as a percentage of turns spent in this place.
 D = Turns resting spent in this place as a percentage of non-inter-level travel turns spent in this place.
 E = Turns spent auto-exploring this place as a percentage of non-inter-level travel turns spent in this place.
 F = Non-inter-level travel turns spent in this place divided by the number of levels of this place that you've seen.
                   A       B       C       D       E      F
               +-------+-------+-------+-------+-------+----------------------
         Total | 100.0 | 100.0 |   3.0 |  38.2 |  38.2 | 1100.2
       Dungeon |  93.2 |  93.0 |   3.3 |  37.9 |  41.1 | 1151.4
       Ossuary |   6.8 |   7.0 |   0.0 |  42.4 |   0.0 | 691.0
               +-------+-------+-------+-------+-------+----------------------

Table legend:
 A = Kills in this place as a percentage of kills in entire the game.
 B = Kills by you in this place as a percentage of kills by you in the entire game.
 C = Kills by friends in this place as a percentage of kills by friends in the entire game.
 D = Other kills in this place as a percentage of other kills in the entire game.
 E = Experience gained in this place as a percentage of experience gained in the entire game.
 F = Experience gained in this place divided by the number of levels of this place that you have seen.
                   A       B       C       D       E      F
               +-------+-------+-------+-------+-------+----------------------
         Total | 100.0 | 100.0 | 100.0 |   N/A | 100.0 | 329.7
       Dungeon |  90.6 |  90.2 | 100.0 |   N/A |  94.4 | 350.2
       Ossuary |   9.4 |   9.8 |   0.0 |   N/A |   5.6 | 165.0
               +-------+-------+-------+-------+-------+----------------------

Skill      XL: |  1  2  3  4  5  6  7  8  9 |
---------------+----------------------------+-----
Stealth        | 2 3 4 |  4.4
Dodging        | 2 3 4 |  4.3
Necromancy     | 5 6 7 8 |  8.2
Spellcasting   | 3 4 5 6 |  6.0
Shields        | 2 3 |  3.7
Translocations | 1 |  1.6
Fighting       | |  0.4
Short Blades   | |  0.4

Action                   |  1- 3 |  4- 6 |  7- 9 || total
-------------------------+-------+-------+-------++-------
Melee: Dagger            |    99 |   182 |   403 ||   684
       Kick              |       |    49 |    95 ||   144
Throw: Dart              |       |       |     5 ||     5
 Cast: Pain              |    35 |    51 |    58 ||   144
       Animate Skeleton  |     3 |     6 |       ||     9
       Vampiric Draining |       |    12 |    23 ||    35
       Animate Dead      |       |     2 |     8 ||    10
       Regeneration      |       |       |     6 ||     6
       Blink             |       |       |     5 ||     5
       Corpse Rot        |       |       |     1 ||     1
Invok: Receive Corpses   |       |       |     1 ||     1
Evoke: Wand              |       |       |     3 ||     3
  Use: Scroll            |       |     4 |     2 ||     6
       Potion            |       |     1 |       ||     1
 Stab: Sleeping          |     6 |    11 |    17 ||    34
       Distracted        |       |       |     2 ||     2
  Eat: Chunk             |     4 |     6 |     7 ||    17
       Ration            |       |     1 |     4 ||     5
Armor: Robe              |    20 |    23 |    47 ||    90
Dodge: Dodged            |    59 |   102 |   172 ||   333
Block: Other             |       |    20 |    24 ||    44
       Reflection        |       |     2 |     1 ||     3
       Buckler           |       |       |    92 ||    92

Vanquished Creatures
  An ice beast (D:5)
  A sky beast (D:6)
  A phantom (D:4)
  2 ogres
  2 centaurs
  3 bullfrogs
  2 wyvern skeletons
  3 scorpions
  3 crimson imps
  4 hounds
  A human zombie (Ossuary)
  An orc priest (D:6)
  A jelly (D:5)
  An orc wizard (D:6)
  A bullfrog skeleton (D:4)
  A gnoll shaman (D:4)
  An iguana (D:5)
  3 worker ants
  3 big kobold zombies (Ossuary)
  A hound skeleton (D:4)
  2 mummies (Ossuary)
  A worker ant zombie (D:6)
  Robin (D:3)
  20 adders
  3 gnolls (D:4)
  2 oozes (D:1)
  An adder skeleton (D:7)
  3 worms
  A dart slug (D:1)
  5 leopard geckos
  3 orcs
  14 giant cockroaches
  13 goblins
  12 hobgoblins
  4 jackals
  9 kobolds
  4 quokkas
  2 ball pythons
  6 bats
  5 frilled lizards
  2 gnoll zombies (Ossuary)
  3 goblin zombies (Ossuary)
  5 orc zombies (Ossuary)
  7 rats
164 creatures vanquished.

Vanquished Creatures (collateral kills)
  Eustachio (D:5)
  A jelly (D:6)
  A hound zombie (D:6)
  2 goblins (D:3)
  A bat (D:2)
  A frilled lizard (D:2)
7 creatures vanquished.

Grand Total: 171 creatures vanquished
